 Dungeon Crawl Stone Soup version 0.31.0-32-g396128a36d (webtiles) character file.

Game seed: 11695861829310114558

3208 hawla the Slicer (level 9, -9/49 HPs)
             Began as a Deep Elf Fire Elementalist on Mar 25, 2024.
             Was a Priest of Vehumet.
             Mangled by a death yak (14 damage)
             ... on level 7 of the Dungeon.
             The game lasted 00:18:57 (6864 turns).

hawla the Slicer (Deep Elf Fire Elementalist)       Turns: 6864, Time: 00:18:57

Health: -9/49      AC: 10    Str:  5    XL:     9   Next: 65%
Magic:  31/34      EV: 14    Int: 25    God:    Vehumet [***...]
Gold:   416        SH:  0    Dex: 15    Spells: 8/15 levels left

rFire   . . .        b - +2 short sword (venom)
rCold   . . .        (no shield)
rNeg    . . .        a - +0 robe
rPois   .            s - +1 helmet
rElec   .            w - +0 cloak
rCorr   .            v - +1 pair of gloves
SInv    .            u - +2 pair of boots {Fly}
Will    .....        r - amulet of regeneration
Stlth   +++          e - ring of magical power
HPRegen 1.08/turn    p - ring of magical power
MPRegen 0.24/turn

%: no passive effects
@: flying
A: no striking features
a: Renounce Religion


You were on level 7 of the Dungeon.
You worshipped Vehumet.
Vehumet was most pleased with you.
You visited 2 branches of the dungeon, and saw 9 of its levels.
You also visited: Bailey.

You collected 621 gold pieces.
You spent 205 gold pieces at shops.

Inventory:

Hand Weapons
 b - a +2 short sword of venom (weapon)
 A - a +2 scimitar of venom
Armour
 a - a +0 robe (worn)
 s - a +1 helmet (worn)
 u - a +2 pair of boots of flying (worn)
 v - a +1 pair of gloves (worn)
 w - a +0 cloak (worn)
Jewellery
 e - a ring of magical power (left hand)
 p - a ring of magical power (right hand)
 q - an amulet of the acrobat
 r - an amulet of regeneration (around neck)
Wands
 f - a wand of roots (7)
Scrolls
 i - 4 scrolls of teleportation
 l - a scroll of amnesia
 m - a scroll of noise
 n - a scroll of enchant armour
 B - a scroll of poison
 C - a scroll of identify
Potions
 c - a potion of haste
 d - 2 potions of curing {unknown}
 h - 2 potions of attraction {unknown}
 j - 3 potions of might {unknown}
 k - 2 potions of heal wounds {unknown}
 o - 8 potions of enlightenment
 t - a potion of resistance {unknown}
 x - a potion of lignification {unknown}
 z - 2 potions of ambrosia {unknown}
Miscellaneous
 g - a phantom mirror


   Skills:
 + Level 2.4 Fighting
 - Level 10.0 Short Blades
 + Level 4.5 Dodging
 + Level 4.0 Stealth
 - Level 3.6 Spellcasting
 - Level 4.3 Conjurations
 - Level 6.6 Fire Magic
 * Level 3.5 Evocations


You had 8 spell levels left.
You knew the following spells:

 Your Spells              Type           Power      Damage    Failure   Level
a - Foxfire               Conj/Fire      100%       2x1d9     1%          1
b - Scorch                Fire           76%        2d8       1%          2
c - Flame Wave            Conj/Fire      32%        2d9       2%          4

Your spell library contained the following spells:

 Spells                   Type           Power      Damage    Failure   Level
 Mephitic Cloud           Conj/Alch/Air  11%        N/A       4%          3
 Inner Flame              Hex/Fire       21%        N/A       1%          3
 Volatile Blastmotes      Fire/Tloc      42%        2d13      1%          3
 Summon Small Mammal      Summ           16%        N/A       10%         1
 Call Imp                 Summ           8%         N/A       14%         2
 Sublimation of Blood     Necr           4%         N/A       14%         2
 Summon Blazeheart Golem  Fire/Summ      21%        N/A       24%         4
 Call Canine Familiar     Summ           4%         N/A       28%         3
 Summon Hydra             Summ           2%         N/A       100%        7


Dungeon Overview and Level Annotations

Branches:
Dungeon (8/15)             Temple (1/1) D:4          Bailey (visited)
   Lair: D:8-11

Altars:
Dithmenos
Fedhas
Gozag
Kikubaaqudgha
Makhleb
Nemelex Xobeh
Ru
Sif Muna
Trog
Uskayaw
Vehumet
Wu Jian
Xom
Yredelemnul
Zin
The Shining One

Shops:
D:6 *

Annotations:
D:7 exclusion: oklob plant


Message History

You hit the death yak but do no damage.
The death yak is heavily wounded.
You hit the death yak but do no damage.
The death yak looks as sick as possible!
The death yak is heavily wounded.
The death yak snorts and paws the ground.
The death yak completely misses you.
You hit the death yak.
The death yak is heavily wounded.
You hit the death yak.
The death yak looks as sick as possible!
The death yak is heavily wounded.
The death yak gores you.
You hit the death yak but do no damage.
The death yak is heavily wounded.
You hit the death yak but do no damage.
The death yak looks as sick as possible!
The death yak is heavily wounded.
The death yak gores you.
You hit the death yak but do no damage.
The death yak looks as sick as possible!
The death yak is heavily wounded.
You hit the death yak.
The death yak looks as sick as possible!
The death yak is severely wounded.
The death yak gores you!!
* * * LOW HITPOINT WARNING * * *
You hit the death yak but do no damage.
The death yak looks as sick as possible!
The death yak is heavily wounded.
You hit the death yak but do no damage.
The death yak looks as sick as possible!
The death yak is severely wounded.
The death yak gores you but does no damage.
You hit the death yak but do no damage.
The death yak is severely wounded.
Okay, then.
The death yak attacks as it pursues you!
The death yak gores you!
You die...

#....#.##.# #
#.#..###...# #
#.#...#### #
#.###.#.#.## #
#.....>§...# ##
#.###.#....# ##.
#..##.##.#.# ##..
##.#......#.#######...
#....@Y.............†.
##.##...###..######>..
# ##.## #..#######..
...# ##...........
###...........#####
######.###### # #.#
..# ####


You could see a death yak (extremely poisoned).

Vanquished Creatures
  An orc knight (Bailey)
  Menkaure (D:4)
  3 water moccasins
  2 sky beasts (D:7)
  6 orc warriors (Bailey)
  An ice beast (D:7)
  A centaur (D:6)
  A kobold brigand (D:7)
  A bullfrog (D:7)
  2 scorpions
  5 killer bees (D:8)
  A bombardier beetle (D:3)
  A howler monkey (D:7)
  3 hounds
  2 jellies
  A sleepcap (D:6)
  Ijyb (D:5)
  Crazy Yiuf (D:5)
  Jessica (D:2)
  2 iguanas
  2 orc wizards (D:6)
  Robin (D:3)
  18 gnolls
  9 adders
  A shadow imp (D:5)
  2 white imps
  2 ufetubi (D:6)
  3 ribbon worms
  5 dart slugs
  4 orcs
  9 ball pythons
  6 bats
  7 endoplasms
  2 giant cockroaches
  37 goblins
  34 hobgoblins
  39 kobolds
  2 quokkas
  3 frilled lizards
  6 rats
229 creatures vanquished.

Vanquished Creatures (collateral kills)
  2 foxfires (D:7)
2 creatures vanquished.

Vanquished Creatures (others)
  349 foxfires
349 creatures vanquished.

Grand Total: 580 creatures vanquished

Notes
Turn   | Place    | Note
-------+----------+-------------------------------------------
     0 | D:1      | hawla the Deep Elf Fire Elementalist began the quest for
                  | the Orb.
     0 | D:1      | Reached XP level 1. HP: 10/10 MP: 6/6
   167 | D:1      | Reached XP level 2. HP: 16/16 MP: 5/8
   170 | D:1      | Reached skill level 1 in Fighting
   506 | D:1      | Found a faded altar of an unknown god.
   535 | D:1      | Reached XP level 3. HP: 18/20 MP: 9/9
   545 | D:1      | Learned a level 2 spell: Scorch
  1126 | D:2      | Reached XP level 4. HP: 25/25 MP: 10/10
  1386 | D:2      | Noticed Jessica
  1392 | D:2      | Killed Jessica
  1393 | D:2      | Reached skill level 5 in Fire Magic
  1727 | D:3      | Learned a level 4 spell: Flame Wave
  1730 | D:3      | Noticed a scorpion
  1736 | D:3      | Killed a scorpion
  1737 | D:3      | Reached XP level 5. HP: 17/29 MP: 7/11
  2148 | D:3      | Reached XP level 6. HP: 34/34 MP: 13/13
  2406 | D:3      | Noticed Robin
  2410 | D:3      | Killed Robin
  3120 | D:4      | Noticed Menkaure
  3127 | D:4      | Killed Menkaure
  3128 | D:4      | Reached skill level 1 in Short Blades
  3344 | D:4      | Found a staircase to the Ecumenical Temple.
  3354 | Temple   | Entered the Ecumenical Temple
  3370 | Temple   | Became a worshipper of Vehumet
  3547 | D:5      | Entered Level 5 of the Dungeon
  3643 | D:5      | Reached skill level 2 in Short Blades
  3671 | D:5      | Noticed Ijyb
  3677 | D:5      | Killed Ijyb
  3678 | D:5      | Reached XP level 7. HP: 14/38 MP: 14/14
  3876 | D:5      | Found a runed translucent door.
  3877 | D:5      | Noticed Crazy Yiuf
  4419 | D:5      | Reached * piety under Vehumet
  4419 | D:5      | Offered knowledge of Magic Dart by Vehumet.
  4628 | D:5      | Identified the +1 whip of the Stopping Butterfly {flame,
                  | ^Contam rF++ SInv Stlth+}
  4647 | D:5      | Reached skill level 3 in Short Blades
  4804 | D:5      | Identified the +7 flail of Dullness {protect, +Blink Will-
                  | Dex+5 SInv}
  4947 | D:5      | Killed Crazy Yiuf
  4947 | D:5      | Offered knowledge of Searing Ray by Vehumet.
  5157 | D:6      | Reached skill level 4 in Short Blades
  5225 | D:6      | Reached ** piety under Vehumet
  5327 | D:6      | Reached skill level 5 in Short Blades
  5344 | D:6      | Found a sparkling altar of Nemelex Xobeh.
  5488 | D:6      | Found Xarchad's Serpentskin Sales.
  5493 | D:6      | Reached XP level 8. HP: 43/43 MP: 15/15
  5506 | D:6      | Bought a +1 scimitar of venom for 153 gold pieces
  5506 | D:6      | Bought a scroll of poison for 52 gold pieces
  5589 | D:7      | Found a flagged portal.
  5599 | D:7      | Reached skill level 6 in Short Blades
  5600 | D:7      | Identified the +2 hand axe "Nyleek" {pain, Str+5}
  5603 | Bailey   | Entered a bailey
  5611 | Bailey   | Noticed an orc knight
  5710 | Bailey   | Reached skill level 7 in Short Blades
  5758 | Bailey   | Offered knowledge of Dazzling Flash by Vehumet.
  5784 | Bailey   | Reached skill level 8 in Short Blades
  5853 | Bailey   | Killed an orc knight
  5854 | Bailey   | Reached skill level 9 in Short Blades
  5854 | Bailey   | Reached XP level 9. HP: 47/47 MP: 16/16
  6183 | D:7      | Reached skill level 10 in Short Blades
  6202 | D:7      | Reached skill level 1 in Evocations
  6359 | D:7      | Reached *** piety under Vehumet
  6590 | D:7      | Offered knowledge of Mephitic Cloud by Vehumet.
  6683 | D:7      | Found a blossoming altar of Fedhas.
  6702 | D:7      | Noticed an oklob plant
  6832 | D:8      | Noticed a death yak
  6836 | D:8      | Noticed a death yak
  6838 | D:8      | Noticed a death yak
  6838 | D:8      | Noticed a death yak
  6860 | D:7      | HP: 2/49 [death yak (21)]
  6864 | D:7      | Mangled by a death yak

Illustrated notes

Levels and vault maps discovered:
D:1:      lemuel_arrival_rhombus, layout_basic,
          chequers_ecumenical_altar_simple, lexackson_kobold_supper
D:2:      layout_rooms, nicolae_half_adder, uniq_jessica
D:3:      layout_loops_ring, uniq_robin
D:4:      layout_basic, minmay_temple_entry_tees, uniq_menkaure
D:5:      minmay_goblin_kobold_castle, layout_loops_cross, serial_bayou_pond_e,
          uniq_ijyb, uniq_crazy_yiuf_cottage
D:6:      layout_gridville, mainiacjoe_overflow_concentric_impassable,
          guppyfry_shop_venom
D:7:      layout_loops_ring, tgw_fedhas, grunt_temple_overflow_open,
          enter_bailey_2, corner_web_ring, kennysheep_generic_room_16
D:8:      layout_loops_corners, mainiacjoe_overflow_two_lobes,
          dpeg_lair_monsters
Temple:   nicolae_temple_bog_church

Skill      XL: |  1  2  3  4  5  6  7  8  9 |
---------------+----------------------------+-----
Dodging        | 3 4 |  4.5
Fighting       | 1 2 |  2.4
Fire Magic     | 4 5 6 |  6.6
Conjurations   | 2 3 4 |  4.3
Short Blades   | 2 5 9 10 | 10.0
Evocations     | 3 |  3.5
Stealth        | 4 |  4.0
Spellcasting   | |  3.6

Action                     |  1- 3 |  4- 6 |  7- 9 || total
---------------------------+-------+-------+-------++-------
  Melee: Unarmed           |     9 |     1 |       ||    10
         Short sword       |       |    18 |   233 ||   251
         Punch             |       |     1 |     7 ||     8
   Cast: Foxfire           |    61 |    75 |    65 ||   201
         Scorch            |     5 |    26 |    33 ||    64
         Flame Wave        |       |       |    14 ||    14
  Evoke: Wand              |       |       |     5 ||     5
    Use: Potion            |     1 |       |       ||     1
         Scroll            |       |     4 |     9 ||    13
   Stab: Sleeping          |       |     2 |     1 ||     3
 Armour: Robe              |     8 |    14 |   128 ||   150
  Dodge: Dodged            |    14 |    15 |   158 ||   187
